 Dungeon Crawl Stone Soup version 0.29-a0-1052-g6990b1bffc (webtiles) character file.

Game seed: 4604203176284684511

135 pascalblue the Grave Robber (level 4, 0/24 HPs)
             Began as a Deep Elf Necromancer on Aug 17, 2022.
             Slain by a gnoll
             ... wielding a +0 spear
              (7 damage)
             ... on level 3 of the Dungeon.
             The game lasted 00:05:30 (2461 turns).

pascalblue the Grave Robber (Deep Elf Necromancer)  Turns: 2461, Time: 00:05:30

Health: 0/24       AC:  3    Str:  5    XL:     4   Next: 97%
Magic:  1/13       EV: 12    Int: 22    God:
Gold:   83         SH:  0    Dex: 15    Spells: 12/13 levels left

rFire   . . .      SeeInvis .   g - +0 mace (holy)
rCold   . . .      Faith    .   (no shield)
rNeg    . . .      Spirit   .   a - +0 robe
rPois   .          Reflect  .   (no helmet)
rElec   .          Harm     .   f - +0 cloak
rCorr   .          Rampage  .   (no gloves)
Will    .....                   (no boots)
Stlth   ++........              (no amulet)
HPRegen 0.08/turn               (no ring)
MPRegen 0.13/turn               (no ring)

@: no status effects
A: no striking features
a: no special abilities


You were on level 3 of the Dungeon.
You visited 1 branch of the dungeon, and saw 3 of its levels.

You collected 83 gold pieces.

Inventory:

Hand Weapons
 e - a +0 short sword
 g - a +0 mace of holy wrath (weapon)
Armour
 a - a +0 robe (worn)
 f - a +0 cloak (worn)
Jewellery
 k - an amulet of guardian spirit
Scrolls
 c - a scroll of brand weapon {unknown}
 h - a scroll of identify {unknown}
 i - a scroll of summoning {unknown}
 l - 3 scrolls of teleportation {unknown}
 m - a scroll of fog {unknown}
 o - a scroll of noise {unknown}
 p - a scroll of enchant armour {unknown}
Potions
 b - a potion of magic
 d - a potion of brilliance {unknown}
 j - a potion of attraction {unknown}
 n - a potion of cancellation {unknown}


   Skills:
 + Level 2.4 Dodging
 + Level 2.6 Stealth
 + Level 5.2 Spellcasting
 * Level 6.3 Necromancy


You had 12 spell levels left.
You knew the following spells:

 Your Spells              Type           Power      Damage    Failure   Level
a - Necrotise             Necr           100%       1d9       1%          1

Your spell library contained the following spells:

 Spells                   Type           Power      Damage    Failure   Level
 Vampiric Draining        Necr           33%        2d8       2%          3
 Animate Dead             Necr           33%        N/A       7%          4
 Agony                    Necr           33%        N/A       21%         5


Dungeon Overview and Level Annotations

Branches:
Dungeon (3/15)

Altars:
Elyvilon


Message History

Aim: a gnoll, wielding a +0 spear (ally target, chance to affect: 88%)
The gnoll writhes in agony.
Your gnoll skeleton barely misses the gnoll.
Casting: Necrotise (safe; 1% risk of failure)
Confirm with . or Enter, or press ? or * to list all spells.
Aiming: Necrotise (safe; 1% risk of failure)
Press: ? - help, Shift-Dir - straight line, f/p - gnoll
Aim: a gnoll, wielding a +0 spear (moderately wounded, ally target, chance to affect: 88%)
The gnoll writhes in agony!
Your gnoll skeleton barely misses the gnoll.
The gnoll attacks as you move away! The gnoll barely misses you.
The gnoll attacks as you move away! The gnoll completely misses you.
Casting: Necrotise (safe; 1% risk of failure)
Confirm with . or Enter, or press ? or * to list all spells.
Aiming: Necrotise (safe; 1% risk of failure)
Press: ? - help, Shift-Dir - straight line, f/p - gnoll
Aim: a gnoll, wielding a +0 spear (moderately wounded, ally target, chance to affect: 88%)
The gnoll writhes in agony.
The gnoll closely misses you. x2
Casting: Necrotise (safe; 1% risk of failure)
Confirm with . or Enter, or press ? or * to list all spells.
Aiming: Necrotise (safe; 1% risk of failure)
Press: ? - help, Shift-Dir - straight line, f/p - gnoll
Aim: a gnoll, wielding a +0 spear (moderately wounded, ally target, chance to affect: 88%)
The gnoll writhes in agony!
You kill the gnoll!
The dead are walking!
The gnoll hits you from afar with a +0 spear.
* * * LOW HITPOINT WARNING * * *
What are your orders? t - Shout!
Orders for allies: a - Attack new target. p - Attack previous target. r - Retreat! s - Stop attacking. g - Guard the area. f - Follow me.
Anything else - Cancel.
Gang up on whom?
Press: ? - help, Dir - move target, f/p - gnoll
Aim: a gnoll, wielding a +0 spear (moderately wounded, ally target) Attack!
The gnoll hits you from afar with a +0 spear!
You die...

........##.....).#.#
.......###....##.#.#
#.....## #.......#
##...## #####)###
##'## #Z# #.# #Z#
#.# #g# ##.## #)#
##...#### #@#
#.......# #.#
##..###.########.#
##.# #..........#
###.###.##########
......<.# #########


You could see a gnoll (ally target) and 2 friendly gnoll skeletons.

Vanquished Creatures
  3 gnolls (D:3)
  5 adders (D:2)
  A worm (D:2)
  3 dart slugs
  3 ball pythons
  7 endoplasms
  2 giant cockroaches (D:1)
  A goblin (D:1)
  4 hobgoblins (D:1)
  4 kobolds
  4 quokkas
  5 bats
  A frilled lizard (D:1)
  6 rats
49 creatures vanquished.

Vanquished Creatures (collateral kills)
  A dart slug (D:1)
  A kobold (D:1)
  A rat (D:1)
3 creatures vanquished.

Grand Total: 52 creatures vanquished

Notes
Turn   | Place    | Note
-------+----------+-------------------------------------------
     0 | D:1      | pascalblue the Deep Elf Necromancer began the quest for the
                  | Orb.
     0 | D:1      | Reached XP level 1. HP: 10/10 MP: 6/6
    51 | D:1      | Reached skill level 5 in Necromancy
   214 | D:1      | Reached XP level 2. HP: 15/15 MP: 4/8
   950 | D:1      | Reached XP level 3. HP: 19/19 MP: 8/10
  1120 | D:2      | Found a faded altar of an unknown god.
  1170 | D:2      | Reached skill level 6 in Necromancy
  1553 | D:2      | Reached XP level 4. HP: 17/24 MP: 9/12
  2181 | D:3      | Found a white marble altar of Elyvilon.
  2454 | D:3      | Reached skill level 5 in Spellcasting
  2461 | D:3      | Slain by a gnoll

Illustrated notes

Levels and vault maps discovered:
D:1:      lemuel_arrival_lava_pool, layout_loops_ring
D:2:      layout_loops_cross, ebering_ecumenical_altar_webs,
          hangedman_glass_teeth
D:3:      layout_loops_corners, nicolae_overflow_hidden_temple, st_stairs_2

Skill      XL: |  1  2  3  4 |
---------------+-------------+-----
Necromancy     | 5 6 |  6.3
Spellcasting   | 4 5 |  5.2
Dodging        | |  2.4
Stealth        | |  2.6

Action                   |  1- 3 |  4- 6 || total
-------------------------+-------+-------++-------
 Cast: Necrotise         |    60 |    37 ||    97
Armor: Robe              |     7 |     3 ||    10
Dodge: Dodged            |    13 |    13 ||    26

Table legend: (Time is in decaauts)
 A = Elapsed time spent in this place.
 B = Non-inter-level travel time spent in this place.
 C = Inter-level travel time spent in this place.
 D = Time resting spent in this place.
 E = Time spent auto-exploring this place.
 F = Levels seen in this place.
 G = Mean time per level.
                   A        B        C        D        E       F      G
               +--------+--------+--------+--------+--------+-----+--------+
         Total |   2459 |   2378 |     81 |      0 |   2075 |   3 |  819.7 |
       Dungeon |   2459 |   2378 |     81 |      0 |   2075 |   3 |  819.7 |
               +--------+--------+--------+--------+--------+-----+--------+

Top non-repeatable levels by time:
     D:1: 1080 daAuts
     D:2: 1035 daAuts
     D:3: 343 daAuts
